 Dungeon Crawl Stone Soup version 0.18.1-8-gdd0e5ea (webtiles) character file.

17257 Gargoyl the Cleaver (level 12, -1/97 HPs)
             Began as a Demonspawn Abyssal Knight on June 9, 2016.
             Was the Champion of Lugonu.
             Slain by a troll (2 damage)
             ... on level 2 of the Orcish Mines.
             The game lasted 00:27:22 (13652 turns).

Gargoyl the Cleaver (Demonspawn Abyssal Knight)    Turns: 13652, Time: 00:27:23

Health: -1/97      AC: 36    Str: 23    XL:     12   Next: 17%
Magic:  0/13       EV:  9    Int: 13    God:    Lugonu [******]
Gold:   1071       SH:  0    Dex: 11    Spells: 0 memorised, 11 levels left

rFire  . . .     SeeInvis .     H - +0 broad axe
rCold  + . .     Gourm    +     M - +1 plate armour {rC+}
rNeg   . . .     Faith    .     (no shield)
rPois  .         Spirit   +     (helmet restricted)
rElec  .         Dismiss  .     a - +2 cloak
rCorr  +         Reflect  .     B - +2 pair of gloves
SustAt .         Harm     .     x - +2 pair of boots {run}
MR     .....                    p - amulet of the gourmand
Stlth  ..........               h - ring of resist corrosion
                                e - +6 ring of strength

@: lethally poisoned (-1 -> -6), exhausted, slowed, very slow, not resistant to
hostile enchantments, extremely unstealthy
A: horns 2, rough black scales 3, spiny 1, magic shield
a: Depart the Abyss, Bend Space, Banish, Corrupt, Enter the Abyss, Brand Weapon
With Distortion, Renounce Religion


You were on level 2 of the Orcish Mines.
You worshipped Lugonu.
Lugonu was exalted by your worship.
You were full.

You visited 3 branches of the dungeon, and saw 14 of its levels.
You visited the Abyss 1 time.

You collected 1333 gold pieces.
You spent 262 gold pieces at shops.

Inventory:

Hand Weapons
 n - a +2 war axe of freezing
 u - a +1 hand axe of flaming
 H - a +0 broad axe (weapon)
 K - a +2 war axe
Missiles
 r - 12 tomahawks (quivered)
Armour
 a - a +2 cloak (worn)
 x - a +2 pair of boots of running (worn)
 B - a +2 pair of gloves (worn)
 M - a +1 plate armour of cold resistance (worn)
Jewellery
 e - a +6 ring of strength (left hand)
 h - a ring of resist corrosion (right hand)
 l - an uncursed ring of see invisible
 o - a cursed ring of sustain attributes
 p - an amulet of the gourmand (around neck)
 t - a +3 ring of protection
Wands
 d - a wand of iceblast (4/15)
 m - a wand of slowing (28/48)
 s - a wand of disintegration (13/24)
 y - a wand of iceblast (9/15)
 D - a wand of polymorph (10/24)
 F - a wand of digging (14/24)
Scrolls
 g - a scroll of fog
 C - 5 scrolls of remove curse
 E - 2 scrolls of magic mapping
 G - a scroll of amnesia
 N - a scroll of teleportation
Potions
 v - 5 potions of brilliance
 z - 2 potions of haste
 P - 2 potions of flight
Books
 L - a book of Maledictions

   Spells                             Type                      Level
   a - Corona                         Hexes                        1
   b - Ensorcelled Hibernation        Hexes/Ice                    2
   c - Confuse                        Hexes                        3
   d - Tukima's Dance                 Hexes                        3
   e - Dazzling Spray                 Conjuration/Hexes            3
Comestibles
 b - 10 meat rations
 c - 7 bread rations
 q - 4 beef jerkies
 A - 14 fruits
 I - 7 slices of pizza


   Skills:
 + Level 10.1 Fighting
 + Level 11.0 Axes
 + Level 10.8 Armour
 + Level 5.0 Dodging
 + Level 1.9 Stealth
 + Level 2.5 Invocations
 + Level 0.8 Evocations


You had 11 spell levels left.
You didn't know any spells.

Dungeon Overview and Level Annotations

Branches:
Dungeon (11/15)            Temple (0/1) D:4            Lair (1/8) D:11
    Orc (2/2) D:11
    Elf: Orc:2

Altars:
Dithmenos
Elyvilon
Fedhas
Gozag
Kikubaaqudgha
Makhleb
Qazlal
Ru
Sif Muna
Trog
Vehumet
Xom
Zin
Beogh

Shops:
D:10 *


Innate Abilities, Weirdness & Mutations

You have a pair of horns on your head.
You are completely covered in rough black scales (AC +10, Dex -3).
You are partially covered in sharp spines.
When hurt, damage is shared between your health and your magic reserves.


Message History

You feel sick.
* * * LOW HITPOINT WARNING * * *
You feel very sick.
A troll comes into view.
* * * LOW HITPOINT WARNING * * *
You feel sick.
The troll shouts!
* * * LOW HITPOINT WARNING * * *
You feel sick.
* * * LOW HITPOINT WARNING * * *
You feel sick.
* * * LOW HITPOINT WARNING * * *
You feel sick.
You barely miss the troll. Your headbutt misses the troll.
* * * LOW HITPOINT WARNING * * *
You feel sick. The troll is struck by your spines.
The troll barely misses you. x2
The troll claws you!
* * * LOW HITPOINT WARNING * * *
The troll barely misses you. The troll claws you.
You die...

#............#...
##......$...#.#...
#.................
##...............#
#.................
#.................
##................
#.............#..
#...<...T@........
#.................
##.........##...#.
#.......... .##
............ .#
............. .#
............# #
#....#.###.##


You could see a troll.

Vanquished Creatures
  An orc warlord (Orc:2)
  A hydra (D:8)
  A centaur warrior (D:10)
  Erica (D:8)
  An orc high priest (Orc:1)
  The ghost of Gargoyl the Protected, a novice DsAK of Lugonu (D:10)
  Sonja (D:10)
  Nergalle (D:10)
  A hill giant (D:10)
  An orc knight (Orc:1)
  An orc sorcerer (Orc:1)
  A cyclops (Orc:2)
  Maurice (D:11)
  A freezing wraith (Lair:1)
  6 trolls
  5 yaks
  Eustachio (D:6)
  A hippogriff (D:8)
  A steam dragon (D:11)
  3 wargs (Orc:2)
  A water moccasin (D:10)
  Duvessa (D:4)
  A black bear (D:10)
  4 ice beasts
  16 orc warriors
  A sky beast (D:7)
  5 ogres
  A necrophage (D:11)
  2 phantoms
  7 centaurs
  A crocodile (D:9)
  4 big kobolds (D:8)
  4 giant frogs
  5 scorpions
  Dowan (D:4)
  A killer bee (D:11)
  3 crimson imps
  A quasit (Lair:1)
  4 hounds
  6 jellies
  15 orc priests
  3 centaur skeletons
  3 iguanas
  Jessica (D:2)
  7 worker ants
  Natasha (thrice) (D:2 D:3)
  20 orc wizards
  2 killer bee zombies
  2 sheep (D:8)
  A hound skeleton (D:6)
  2 hound zombies
  7 gnolls
  A howler monkey skeleton (D:6)
  16 adders
  3 oozes
  5 worms
  2 dart slugs (D:1)
  5 giant geckos
  50 orcs
  9 bats
  5 giant cockroaches
  4 goblins
  7 hobgoblins
  7 jackals
  3 quokkas
  A giant gecko skeleton (D:5)
  3 giant newts
  A jackal zombie (D:5)
  17 kobolds
  A quokka zombie (D:5)
  14 rats
320 creatures vanquished.

Vanquished Creatures (others)
  An orc wizard (D:6)
1 creature vanquished.

Grand Total: 321 creatures vanquished

Notes
Turn   | Place    | Note
--------------------------------------------------------------
     0 | Abyss:1  | Gargoyl the Demonspawn Abyssal Knight began the quest for the Orb.
     0 | Abyss:1  | Reached XP level 1. HP: 18/18 MP: 2/2
    42 | Abyss:1  | Found a corrupted altar of Lugonu.
    96 | Abyss:1  | Noticed an iron imp
   157 | Abyss:1  | Noticed a lich
   159 | D:1      | Escaped the Abyss
   260 | D:1      | Reached skill level 1 in Dodging
   500 | D:1      | Reached * piety under Lugonu
   500 | D:1      | Gained mutation: You are partially covered in sharp spines. [demonic ancestry]
   500 | D:1      | Reached XP level 2. HP: 24/24 MP: 3/3
   757 | D:1      | Reached skill level 2 in Axes
   854 | D:2      | Reached XP level 3. HP: 25/29 MP: 4/4
   914 | D:2      | Noticed Natasha
   920 | D:2      | Killed Natasha
   972 | D:2      | Gained mutation: You have a pair of small horns on your head. [demonic ancestry]
   972 | D:2      | Reached XP level 4. HP: 33/37 MP: 5/5
  1021 | D:2      | Noticed Natasha
  1029 | D:2      | Killed Natasha
  1179 | D:2      | Found a faded altar to an unknown god.
  1314 | D:2      | Found a blossoming altar of Fedhas.
  1320 | D:2      | Found a stormy altar of Qazlal.
  1379 | D:2      | Reached ** piety under Lugonu
  1672 | D:2      | Noticed Jessica
  1679 | D:2      | Killed Jessica
  1679 | D:2      | Gained mutation: You are partially covered in rough black scales (AC +4, Dex -1). [demonic ancestry]
  1679 | D:2      | Reached XP level 5. HP: 21/42 MP: 6/6
  1972 | D:3      | Found a deep blue altar of Sif Muna.
  1973 | D:3      | Noticed Natasha
  1977 | D:3      | Killed Natasha
  2250 | D:3      | Found a white marble altar of Elyvilon.
  2251 | D:3      | Found an opulent altar of Gozag.
  2352 | D:3      | Found a radiant altar of Vehumet.
  2482 | D:3      | Found a burning altar of Makhleb.
  2558 | D:3      | Found a glowing silver altar of Zin.
  2558 | D:3      | Noticed an angel
  2559 | D:3      | Found a shimmering altar of Xom.
  2799 | D:4      | Noticed an ogre
  2803 | D:4      | Killed an ogre
  2803 | D:4      | Reached skill level 3 in Axes
  2803 | D:4      | Reached XP level 6. HP: 49/49 MP: 7/7
  2815 | D:4      | Found a staircase to the Ecumenical Temple.
  2858 | D:4      | Found a sacrificial altar of Ru.
  2864 | D:4      | Reached *** piety under Lugonu
  3042 | D:4      | Reached skill level 1 in Stealth
  3438 | D:4      | Noticed Dowan
  3440 | D:4      | Noticed Duvessa
  3449 | D:4      | Killed Dowan
  3449 | D:4      | Gained mutation: You are mostly covered in rough black scales (AC +7, Dex -2). [demonic ancestry]
  3449 | D:4      | Reached XP level 7. HP: 45/55 MP: 8/8
  3451 | D:4      | Killed Duvessa
  3451 | D:4      | Reached skill level 5 in Fighting
  3532 | D:4      | Noticed a moth of wrath
  3534 | D:4      | Found a bloodstained altar of Trog.
  3645 | D:5      | Entered Level 5 of the Dungeon
  3700 | D:5      | Identified a +0 pair of boots of running (You found it on level 5 of the Dungeon)
  3937 | D:5      | Reached skill level 5 in Armour
  4019 | D:5      | Reached skill level 4 in Axes
  4420 | D:6      | Noticed Eustachio
  4473 | D:6      | Killed Eustachio
  4473 | D:6      | Reached XP level 8. HP: 55/62 MP: 9/9
  4567 | D:6      | Reached **** piety under Lugonu
  5425 | D:6      | Reached skill level 5 in Axes
  5956 | D:7      | Found an ancient bone altar of Kikubaaqudgha.
  5988 | D:7      | Gained mutation: When hurt, damage is shared between your health and your magic reserves. [demonic ancestry]
  5988 | D:7      | Reached XP level 9. HP: 69/69 MP: 10/10
  6219 | D:7      | Reached skill level 6 in Axes
  7013 | D:8      | Noticed Erica
  7020 | D:8      | Reached ***** piety under Lugonu
  7042 | D:8      | Killed Erica
  7042 | D:8      | Reached skill level 7 in Axes
  7448 | D:8      | Gained mutation: You are completely covered in rough black scales (AC +10, Dex -3). [demonic ancestry]
  7448 | D:8      | Reached XP level 10. HP: 74/77 MP: 11/11
  7514 | D:8      | Noticed a three-headed hydra
  7520 | D:8      | Killed a one-headed hydra
  7631 | D:8      | Reached skill level 8 in Axes
  8570 | D:9      | Found a shadowy altar of Dithmenos.
  8639 | D:10     | Entered Level 10 of the Dungeon
  8830 | D:10     | Noticed Sonja
  9086 | D:10     | Noticed Gargoyl's ghost (novice DsAK)
  9131 | D:10     | Killed Gargoyl's ghost
  9147 | D:10     | Noticed Nergalle
  9184 | D:11     | Found a staircase to the Lair.
  9198 | D:11     | Found a staircase to the Orcish Mines.
  9277 | D:11     | Noticed Maurice
  9290 | D:11     | Killed Maurice
  9290 | D:11     | Reached skill level 9 in Axes
  9337 | Lair:1   | Entered Level 1 of the Lair of Beasts
  9808 | D:11     | Gained mutation: You have a pair of horns on your head. [demonic ancestry]
  9808 | D:11     | Reached XP level 11. HP: 82/87 MP: 12/12
 10086 | D:10     | Found Jisak's Assorted Antiques.
 10086 | D:10     | Noticed a hill giant
 10093 | D:10     | Killed a hill giant
 10199 | D:10     | Bought a scroll of enchant armour for 262 gold pieces
 10631 | D:10     | Killed Sonja
 11088 | D:10     | Noticed a centaur warrior
 11111 | D:10     | Killed a centaur warrior
 11111 | D:10     | Reached skill level 10 in Armour
 11254 | D:10     | Killed Nergalle
 11392 | Orc:1    | Entered Level 1 of the Orcish Mines
 11403 | Orc:1    | Noticed an orc high priest
 11605 | D:11     | Reached skill level 10 in Axes
 11806 | Orc:1    | Killed an orc high priest
 12198 | Orc:1    | Found a roughly hewn altar of Beogh.
 12317 | Orc:1    | Reached ****** piety under Lugonu
 12665 | Orc:2    | Entered Level 2 of the Orcish Mines
 12665 | Orc:2    | Noticed an orc knight
 12669 | Orc:2    | Noticed an orc sorcerer
 12681 | Orc:1    | Reached skill level 5 in Dodging
 12689 | Orc:1    | Killed an orc knight
 12865 | Orc:1    | Killed an orc sorcerer
 13141 | Orc:2    | Found a roughly hewn altar of Beogh.
 13163 | Orc:2    | Noticed an orc warlord
 13191 | Orc:2    | Reached XP level 12. HP: 90/97 MP: 13/13
 13195 | Orc:2    | Reached skill level 10 in Fighting
 13227 | Orc:1    | HP: 7/145 [poisoned by an orc warlord]
 13232 | Orc:1    | HP: 5/145 [poisoned by an orc warlord]
 13237 | Orc:1    | HP: 3/145 [poisoned by an orc warlord]
 13242 | Orc:1    | HP: 4/145 [poisoned by an orc warlord]
 13248 | Orc:1    | HP: 2/97 [poisoned by an orc warlord]
 13636 | Orc:2    | Killed an orc warlord
 13636 | Orc:2    | Reached skill level 11 in Axes
 13652 | Orc:2    | HP: 3/97 [poisoned by an orc warlord]
 13652 | Orc:2    | HP: 1/97 [troll (2)]
 13652 | Orc:2    | Slain by a troll

Skill      XL: |  1  2  3  4  5  6  7  8  9 10 11 12 |
---------------+-------------------------------------+-----
Dodging        | 1 2 3 4 5 |  5.0
Armour         | 2 3 4 5 7 8 9 10 | 10.8
Axes           | 2 3 4 5 7 9 10 11 | 11.0
Fighting       | 4 5 6 8 9 10 | 10.1
Stealth        | 1 |  1.9
Invocations    | |  2.5
Evocations     | |  0.8

Action                   |  1- 3 |  4- 6 |  7- 9 | 10-12 || total
-------------------------+-------+-------+-------+-------++-------
Melee: Hand axe          |    46 |   100 |   264 |     8 ||   418
       Headbutt          |       |    19 |    68 |    97 ||   184
       War axe           |       |       |    42 |   388 ||   430
       Broad axe         |       |       |       |    48 ||    48
Invok: Depart the Abyss  |     1 |       |       |       ||     1
Evoke: Wand              |       |       |       |     3 ||     3
  Use: Scroll            |       |     5 |    12 |     6 ||    23
       Potion            |       |       |     1 |    16 ||    17
  Eat: Chunk             |       |    14 |    15 |    20 ||    49
Armor: Ring mail         |    25 |     6 |       |       ||    31
       Plate armour      |       |    55 |   275 |   501 ||   831
Dodge: Dodged            |    31 |    39 |   119 |   247 ||   436
